 Dungeon Crawl Stone Soup version 0.31-a0-810-ga77100ea1a (webtiles) character file.

Game seed: 8920326770412251974

1754 javelincjr the Ruffian (level 8, -3/66 HPs)
             Began as a Demonspawn Shapeshifter on Sept 21, 2023.
             Was a Priest of Qazlal.
             Succumbed to a gnoll sergeant's poison
             ... on level 6 of the Dungeon.
             The game lasted 00:20:59 (4672 turns).

javelincjr the Ruffian (Demonspawn Shapeshifter)    Turns: 4672, Time: 00:20:59

Health: -3/66      AC:  6    Str: 20    XL:     8   Next: 78%
Magic:  11/11      EV:  9    Int: 11    God:    Qazlal [***...]
Gold:   470        SH: 12    Dex: 12    Spells: 7/7 levels left

rFire   . .          .
                       - Unarmed
rCold   + . .        w - +0 kite shield
rNeg    . . .        t - +0 scale mail
rPois   .            (helmet currently unavailable)
rElec   .            (cloak currently unavailable)
rCorr   .            (gloves currently unavailable)
SInv    .            (boots currently unavailable)
Will    +....        s - amulet of regeneration Stlth
                     u - ring of protection from cold
HPRegen 1.11/turn    D - ring of willpower
MPRegen 0.12/turn

%: no passive effects
@: lethally poisoned (-3 -> -22), beast-form, studying Short Blades
A: beast (slay +3), ignite blood 2, demonic magic 1, weakness stinger 2, talons
1, robust 1, strong 1, evolution 1
a: Begin Untransformation, Renounce Religion, Upheaval, Elemental Force


You were on level 6 of the Dungeon.
You worshipped Qazlal.
Qazlal was most pleased with you.
You were a hulking beast.
You visited 1 branch of the dungeon, and saw 6 of its levels.

You collected 470 gold pieces.

Inventory:

Hand Weapons
 i - a +3 spear
 F - a +3 dagger
Missiles
 f - 40 stones
 o - 11 poisoned darts (quivered)
 A - 6 boomerangs
Armour
 m - a +0 pair of boots
 t - a +0 scale mail (worn)
 w - a +0 kite shield (worn)
 y - a +0 helmet
 H - a +2 robe of fire resistance
 J - a +0 cloak
Jewellery
 p - a ring of positive energy
 s - an amulet of regeneration (around neck)
 u - a ring of protection from cold (left hand)
 v - a ring of fire
 D - a ring of willpower (right hand)
Talismans
 c - a beast talisman (active)
 d - a flux talisman
 j - a maw talisman
 k - a blade talisman
 K - a serpent talisman
Wands
 q - a wand of flame (20)
 E - a wand of roots (14)
 G - a wand of quicksilver (4)
 L - a wand of digging (2)
 M - a wand of mindburst (15)
Scrolls
 a - a scroll of fog {unknown}
 g - a scroll of butterflies
 h - a scroll of noise
 r - a scroll of enchant armour {unknown}
 z - 3 scrolls of teleportation
 N - a scroll of revelation {unknown}
 O - 2 scrolls of blinking {unknown}
Potions
 b - a potion of lignification
 e - 5 potions of mutation
 l - a potion of curing {unknown}
 n - a potion of haste {unknown}
 x - a potion of heal wounds {unknown}
 B - a potion of brilliance {unknown}
 C - a potion of enlightenment {unknown}
 I - a potion of degeneration {unknown}


   Skills:
 + Level 4.2 Fighting
 + Level 2.8 Armour
 + Level 4.1 Dodging
 + Level 2.7 Shields
 * Level 5.6 Unarmed Combat
 + Level 4.0 Invocations
 * Level 5.2 Shapeshifting


You had 7 spell levels left.
You didn't know any spells.
Your spell library contained the following spells:

 Spells                   Type           Power      Damage    Failure   Level
 Apportation              Tloc           0%         N/A       95%         1
 Freeze                   Ice            0%         1d3       95%         1
 Necrotise                Necr           0%         1d4       95%         1
 Summon Small Mammal      Summ           0%         N/A       95%         1
 Cigotuvi's Dreadful Rot  Necr/Pois/Air  0%         N/A       98%         2
 Jinxbite                 Hex            0%         N/A       98%         2
 Sublimation of Blood     Necr           0%         N/A       98%         2
 Wereblood                Tmut           0%         N/A       98%         2
 Frozen Ramparts          Ice            0%         1d1       100%        3
 Gell's Gravitas          Tloc           0%         N/A       100%        3
 Hailstorm                Conj/Ice       0%         3d3       100%        3
 Teleport Other           Tloc           0%         N/A       100%        3
 Dispel Undead            Necr           0%         3d6       100%        4
 Alistair's Intoxication  Tmut/Pois      0%         N/A       100%        5
 Death Channel            Necr           0%         N/A       100%        6
 Dispersal                Tloc           0%         N/A       100%        6
 Summon Hydra             Summ           0%         N/A       100%        7


Dungeon Overview and Level Annotations

Branches:
Dungeon (6/15)             Temple (0/1) D:4

Altars:
Ashenzari
Gozag
Kikubaaqudgha
Makhleb
Nemelex Xobeh
Qazlal
Ru
Sif Muna
Wu Jian
Yredelemnul

Annotations:
D:1 2 transporters
D:6 2 transporters


Innate Abilities, Weirdness & Mutations

You are a hulking beast.
Your limbs bulge with bestial killing power. (Slay +3)
Your demonic aura often causes spilled blood to erupt in flames.
Spells you cast may paralyse adjacent enemies.
You have a tail ending in a sharp stinger.
You have sharp toenails.
You are robust. (+10% HP)
Your muscles are strong. (Str +4, Int/Dex -1)
You have hidden genetic potential.


Message History

You now have 470 gold pieces (gained 23).
You see here a +0 quarterstaff.
You hear a shout!
A gnoll is nearby!
You hear a shout!
You hear an angry hiss.
You block the gnoll's attack.
A shadow imp comes into view.
The gnoll hits you but does no damage.
A water moccasin comes into view.
You closely miss the gnoll. You claw the gnoll.
The gnoll is moderately wounded.
The gnoll hits you with a +0 spear.
The gnoll sergeant hits you from afar with a +0 trident of venom.
You are poisoned.
You hit the gnoll. You claw the gnoll!
Your tail-slap misses the gnoll.
The gnoll is severely wounded.
You feel sick.
The gnoll is engulfed in blazing flames.
You kill the gnoll!
Qazlal accepts your kill. The shadow imp gestures at you.
Pain shoots through your body! The gnoll sergeant barely misses you.
You feel sick.
The gnoll hits you from afar with a +0 halberd!
The gnoll sergeant hits you with a +0 trident of venom!
* * * LOW HITPOINT WARNING * * *
You are more poisoned.
You are too injured to fight recklessly!
You are too injured to fight recklessly!
You punch the gnoll sergeant!
The gnoll sergeant is heavily wounded.
You feel very sick. You block the gnoll's attack.
The shadow imp gestures at you. Pain shoots through your body!
* * * LOW HITPOINT WARNING * * *
The gnoll sergeant hits you with a +0 trident of venom.
* * * LOW HITPOINT WARNING * * *
You are more poisoned.
You die...

...'...........#.#
...#####.........#
#................
#.......)....#...
#......#.....#...
#......#.....#...
#......#######...
###......#.........
#.h......#.........
#.°......#.........
......g°.......#........g
.....g....5....#........g
...............#.......[.
..........#............##
....#######............#
.... .............# ...
.............##


You could see a gnoll sergeant, a gnoll and a shadow imp.

Vanquished Creatures
  A two-headed ogre (D:6)
  Edmund (D:5)
  A water moccasin (D:6)
  An ice beast (D:5)
  An orc warrior (D:6)
  An ogre (D:6)
  2 phantoms (D:6)
  A bullfrog (D:6)
  A hound (D:4)
  An orc priest (D:6)
  Ijyb (D:4)
  2 sleepcaps (D:5)
  Terence (D:2)
  2 iguanas (D:5)
  3 orc wizards
  2 gnolls (D:6)
  8 adders
  A worm (D:3)
  4 dart slugs
  14 orcs
  6 endoplasms
  5 giant cockroaches
  4 goblins
  4 hobgoblins
  10 jackals
  5 quokkas
  5 ball pythons
  2 bats
  6 frilled lizards
  5 kobolds
  2 rats
103 creatures vanquished.

Notes
Turn   | Place    | Note
-------+----------+-------------------------------------------
     0 | D:1      | javelincjr the Demonspawn Shapeshifter began the quest for
                  | the Orb.
     0 | D:1      | Reached XP level 1. HP: 15/15 MP: 1/1
   119 | D:1      | Gained mutation: You have a small tail. [demonic ancestry]
   119 | D:1      | Reached XP level 2. HP: 18/21 MP: 2/2
   670 | D:2      | Noticed Terence
   681 | D:2      | Killed Terence
   682 | D:2      | Gained mutation: Spells you cast may paralyse adjacent
                  | enemies. [demonic ancestry]
   682 | D:2      | Reached XP level 3. HP: 17/27 MP: 3/3
   924 | D:2      | Found a faded altar of an unknown god.
   978 | D:2      | Prayed at the altar of an unknown god.
   978 | D:2      | Became a worshipper of Qazlal Stormbringer
   978 | D:2      | Reached * piety under Qazlal
   992 | D:2      | Reached XP level 4. HP: 33/33 MP: 4/4
  1834 | D:3      | Reached ** piety under Qazlal
  1981 | D:3      | Reached XP level 5. HP: 39/39 MP: 5/5
  2800 | D:4      | Found a broken altar of Ashenzari.
  2826 | D:4      | Noticed Ijyb
  2834 | D:4      | Killed Ijyb
  2888 | D:4      | Found a staircase to the Ecumenical Temple.
  2947 | D:4      | Reached skill level 1 in Invocations
  2947 | D:4      | Gained mutation: Your demonic aura sometimes causes spilled
                  | blood to erupt in flames. [demonic ancestry]
  2947 | D:4      | Reached XP level 6. HP: 46/46 MP: 6/6
  3179 | D:4      | Found an opulent altar of Gozag.
  3191 | D:4      | Found a shimmering blue altar of Sif Muna.
  3234 | D:4      | Gained mutation: Your muscles are strong. (Str +4, Int/Dex
                  | -1) [potion of mutation]
  3234 | D:4      | Gained mutation: You have hidden genetic potential. [potion
                  | of mutation]
  3234 | D:4      | Gained mutation: You have sharp toenails. [potion of
                  | mutation]
  3236 | D:5      | Entered Level 5 of the Dungeon
  3360 | D:5      | Noticed Edmund
  3384 | D:5      | Killed Edmund
  3385 | D:5      | Reached skill level 1 in Armour
  3385 | D:5      | Reached skill level 1 in Shields
  3555 | D:5      | Found an ancient bone altar of Kikubaaqudgha.
  3635 | D:5      | Noticed an ice beast
  3643 | D:5      | Killed an ice beast
  3644 | D:5      | Gained mutation: Your demonic aura often causes spilled
                  | blood to erupt in flames. [demonic ancestry]
  3644 | D:5      | Reached XP level 7. HP: 52/52 MP: 8/8
  3647 | D:5      | Gained mutation: You are robust. (+10% HP) [hidden
                  | potential]
  3913 | D:5      | Found a sacrificial altar of Ru.
  3915 | D:5      | Found an ornate altar of the Wu Jian Council.
  3978 | D:5      | Found a basalt altar of Yredelemnul.
  3978 | D:5      | Found a sparkling altar of Nemelex Xobeh.
  4150 | D:6      | Noticed a komodo dragon
  4150 | D:6      | Noticed a boulder beetle
  4154 | D:6      | Found a transporter.
  4156 | D:6      | Noticed a wraith
  4159 | D:6      | Found a burning altar of Makhleb.
  4165 | D:6      | Noticed a shadow
  4175 | D:6      | Found a transporter.
  4190 | D:6      | Noticed a two-headed ogre
  4289 | D:5      | Reached *** piety under Qazlal
  4474 | D:6      | Killed a two-headed ogre
  4475 | D:6      | Reached skill level 5 in Unarmed Combat
  4475 | D:6      | Reached skill level 5 in Shapeshifting
  4475 | D:6      | Gained mutation: You have a tail ending in a sharp stinger.
                  | [demonic ancestry]
  4475 | D:6      | Reached XP level 8. HP: 45/66 MP: 10/10
  4489 | D:6      | Gained mutation: You have great hidden genetic potential.
                  | [hidden potential]
  4489 | D:6      | Lost mutation: You have great hidden genetic potential.
                  | [hidden potential expressed]
  4671 | D:6      | HP: 3/66 [gnoll sergeant/+0 trident of venom (6)]
  4672 | D:6      | Succumbed to a gnoll sergeant's poison

Illustrated notes

Levels and vault maps discovered:
D:1:      spicycebolla_arrival_transporter_tutorial, layout_rooms, minivault_27
D:2:      layout_basic, dreamdust_ecumenical_altar_grove, uniq_terence
D:3:      minmay_chambers_of_twos, layout_basic, minmay_puff
D:4:      layout_basic, mainiacjoe_overflow_tiny_flanked, minitemple,
          minmay_temple_entry_overgrown, uniq_ijyb
D:5:      layout_basic, gammafunk_temple_overflow_wave, kiku_gazebo_pond_becter,
          chequers_temple_overflow_statue_of_worship, uniq_edmund
D:6:      layout_basic, gammafunk_temple_overflow_arena, grunt_decor_resistance,
          minmay_manual_moon

Skill      XL: |  1  2  3  4  5  6  7  8 |
---------------+-------------------------+-----
Dodging        | 2 3 4 |  4.1
Unarmed Combat | 3 4 5 |  5.6
Shapeshifting  | 3 4 5 |  5.2
Fighting       | 2 3 4 |  4.2
Invocations    | 1 2 3 4 |  4.0
Armour         | 1 2 |  2.8
Shields        | 1 2 |  2.7

Action                     |  1- 3 |  4- 6 |  7- 9 || total
---------------------------+-------+-------+-------++-------
  Melee: Unarmed           |    31 |       |    33 ||    64
         Spear             |    64 |   170 |    24 ||   258
         Tailslap          |     7 |     7 |     9 ||    23
         Punch             |     2 |       |       ||     2
         Kick              |       |    12 |    24 ||    36
  Throw: Dart              |       |     5 |     7 ||    12
  Evoke: Wand              |       |     1 |       ||     1
    Use: Scroll            |       |     5 |     3 ||     8
         Potion            |       |     1 |     2 ||     3
 Armour: Animal skin       |    42 |       |       ||    42
         Ring mail         |     5 |     5 |       ||    10
         Scale mail        |       |    87 |    40 ||   127
  Dodge: Dodged            |    57 |    48 |    14 ||   119
  Block: Other             |       |     1 |       ||     1
         Kite shield       |       |    45 |    30 ||    75

Table legend: (Time is in decaauts)
 A = Elapsed time spent in this place.
 B = Non-inter-level travel time spent in this place.
 C = Inter-level travel time spent in this place.
 D = Time resting spent in this place.
 E = Time spent auto-exploring this place.
 F = Levels seen in this place.
 G = Mean time per level.
                   A        B        C        D        E       F      G
               +--------+--------+--------+--------+--------+-----+--------+
         Total |   4724 |   4570 |    154 |     47 |   3397 |   6 |  787.3 |
       Dungeon |   4724 |   4570 |    154 |     47 |   3397 |   6 |  787.3 |
               +--------+--------+--------+--------+--------+-----+--------+

Top non-repeatable levels by time:
     D:3: 1210 daAuts
     D:5: 1028 daAuts
     D:2: 806 daAuts
     D:1: 650 daAuts
     D:4: 599 daAuts
     D:6: 431 daAuts
